 Dungeon Crawl Stone Soup version 0.17-a0-124-gc3c9679 (console) character file.

73698 Liam the Eclecticist (level 15, -4/78 HPs)
             Began as a Deep Elf Conjurer on Mar 11, 2015.
             Was the Champion of Sif Muna.
             Killed from afar by Nikola (30 damage)
             ... with a chain lightning
             ... on level 1 of the Elven Halls on Mar 22, 2015.
             The game lasted 01:24:23 (25695 turns).

Liam the Eclecticist (Deep Elf Conjurer)           Turns: 25695, Time: 01:24:23

Health: -4/78      AC:  9    Str:  5      XL:     15   Next: 4%
Magic:  32/50      EV: 12    Int: 34 (36) God:    Sif Muna [******]
Gold:   1223       SH:  5    Dex: 10      Spells: 6 memorised, 24 levels left

rFire  + . .     SeeInvis +     D - +6 dagger {pierce, MR+ Int+5 SInv}
rCold  + . .     Clarity  .     m - +1 robe {Archmagi}
rNeg   + + .     SustAb   .     O - +0 buckler {reflect}
rPois  +         Gourm    +     (no helmet)
rElec  .         Spirit   .     q - +2 cloak
rCorr  .         Warding  .     (no gloves)
rMut   .         Stasis   .     I - +2 pair of boots {run}
MR     ++...                    y - amulet of Moupym {Gourm rPois rC+ rN++ MP+9 Dex-5}
Stlth  ++........               U - +4 ring of intelligence
                                g - ring of protection from fire (curse)

@: quick, very resistant to hostile enchantments, unstealthy
A: deterioration 1, spit poison 1, wild magic 1
a: Spit Poison, Channel Energy, Forget Spell, Renounce Religion


You were on level 1 of the Elven Halls.
You worshipped Sif Muna.
Sif Muna was exalted by your worship.
You were very full.

You visited 4 branches of the dungeon, and saw 20 of its levels.
You also visited: Bailey.

You collected 2304 gold pieces.
You spent 1081 gold pieces at shops.

Inventory:

Hand weapons
 D - the +6 dagger of Death (weapon) {pierce, MR+ Int+5 SInv}
   (You bought it in a shop on level 14 of the Dungeon)

   It inflicts extra damage upon your enemies.
   It affects your intelligence (+5).
   It affects your resistance to hostile enchantments.
   It enhances your eyesight.
Armour
 e - a +0 fire dragon armour
 k - a +1 robe of cold resistance
 m - a +1 robe of the Archmagi (worn)
 o - a +2 robe of positive energy
 q - a +2 cloak (worn)
 E - a +2 robe of magic resistance
 I - a +2 pair of boots of running (worn)
 O - a +0 buckler of reflection (worn)
Jewellery
 f - an uncursed ring of ice
 g - a cursed ring of protection from fire (left hand)
 t - an uncursed ring of poison resistance {unknown}
 u - an uncursed ring of protection from cold {unknown}
 y - the amulet of Moupym (around neck) {Gourm rPois rC+ rN++ MP+9 Dex-5}
   (You found it on level 4 of the Dungeon)

   [amulet of the gourmand]

   It allows you to eat raw meat even when not hungry.
   It affects your dexterity (-5).
   It protects you from cold.
   It protects you from poison.
   It greatly protects you from negative energy.
   It affects your magic capacity (+9).
 U - a +4 ring of intelligence (right hand)
Magical devices
 a - a wand of digging (14)
 s - a wand of cold (12)
 B - a wand of lightning (6)
 H - a wand of digging (19)
 Q - a wand of fire (5)
 R - a wand of disintegration (17)
 T - a wand of teleportation (5)
Scrolls
 d - 11 scrolls of identify
 i - 8 scrolls of remove curse
 j - 3 scrolls of magic mapping
 n - 2 scrolls of fear
 p - 3 scrolls of teleportation
 x - a scroll of enchant weapon
 K - a scroll of blinking
 N - a scroll of fog
Potions
 h - 2 potions of berserk rage {unknown}
 l - 3 potions of curing {healing ofc}
 r - a potion of ambrosia
 A - a potion of brilliance
 C - 2 potions of restore abilities
 Z - a potion of cancellation
Books
 v - a book of the Warp

   Spells                             Type                      Level
   a - Recall                         Summoning/Translocation      3
   b - Control Teleport               Charms/Translocation         4
   c - Force Lance                    Conjuration/Translocation    4
   d - Phase Shift                    Translocation                5
   e - Warp Weapon                    Charms/Translocation         5
   f - Gell's Gravitas                Hexes/Translocation          5
   g - Summon Forest                  Summoning/Translocation      5
 w - a book of Alchemy

   Spells                             Type                      Level
   a - Sublimation of Blood           Necromancy                   2
   b - Alistair's Intoxication        Transmutation/Poison         4
   c - Condensation Shield            Ice                          4
   d - Petrify                        Transmutation/Earth          4
   e - Ignite Poison                  Fire/Transmutation           5
   f - Irradiate                      Conjuration/Transmutation    5
Comestibles
 b - 7 bread rations
 c - a beef jerky
 z - 14 fruits


   Skills:
 + Level 3.0 Fighting
 - Level 2.4 Dodging
 - Level 2.6 Stealth
 + Level 5.1 Shields
 + Level 18.8 Spellcasting
 + Level 16.5 Conjurations
 - Level 7.0 Charms
 + Level 8.0 Necromancy
 + Level 7.0 Fire Magic
 + Level 10.5 Invocations


You had 24 spell levels left.
You knew the following spells:

 Your Spells              Type           Power        Failure   Level  Hunger
a - Magic Dart            Conj           ####         1%          1    None
i - Delayed Fireball      Conj/Fire      N/A          19%         7    ##.....
o - Orb of Destruction    Conj           ########..   4%          7    ##.....
p - Iskenderun's Battles  Conj/Chrm      ########     1%          5    None
r - Regeneration          Chrm/Necr      ########..   1%          3    None
x - Iskenderun's Mystic   Conj           ########     1%          4    None


Dungeon Overview and Level Annotations

Branches:
Dungeon (14/15)            Temple (1/1) D:5            Lair (0/8) D:9
    Orc (4/4) D:11            Elf (1/3) Orc:4        Vaults (0/5) D:14

Altars:
Ashenzari
Cheibriados
Dithmenos
Elyvilon
Fedhas
Gozag
Kikubaaqudgha
Makhleb
Nemelex Xobeh
Okawaru
Qazlal
Ru
Sif Muna
Trog
Vehumet
Xom
Yredelemnul
Zin
The Shining One
Beogh

Shops:
D:14 (   Orc:4 *=[(

Portals:
Trove: D:12 (show slimy rune of Zot)

Annotations:
Elf:1 Nikola


Innate Abilities, Weirdness & Mutations

Your body is slowly deteriorating.
You can spit poison.
Your spells are a little harder to cast, but a little more powerful.


Message History

Nikola casts a spell.
Nikola blinks!
Casting: Orb of Destruction
Confirm with . or Enter, or press ? or * to list all spells.
Aiming: Orb of Destruction
Press: ? - help, Shift-Dir - straight line, f/p - Nikola
Aim: Nikola, wielding a rapier of electrocution, wearing a cloak and wearing a pair of gloves You feel a surge of power!
The orb of destruction hits Nikola.
Nikola is heavily wounded.
Nikola gestures wildly while chanting.
You hear a mighty clap of thunder!
The lightning arc hits you!
The lightning arc hits your battlesphere.
Your battlesphere completely resists.
The lightning arc hits you!
The lightning arc hits your battlesphere.
Your battlesphere completely resists.
The lightning arc hits you!
You die...

####### ....... ...§§>.
########
#..@.§§.##########...)).)
#.......@*..)....'..(####
#.......##########...#
....... ##### .......
###'### # #.# ## #.# ##.
#.# ### ##.# #.#
###.####.##


You could see Nikola.

Vanquished Creatures
  Asterion (Elf:1)
  An orc warlord (Orc:4)
  A stone giant (D:11)
  A deep elf demonologist (Elf:1)
  4 deep elf death magi (Elf:1)
  The ghost of Liam the Thaumaturge, a powerful DECj of Sif Muna (Orc:2)
  3 hydras
  Harold (D:10)
  Nessos (Elf:1)
  A catoblepas (D:13)
  An ogre mage (D:14)
  3 centaur warriors
  An orc high priest (Orc:4)
  A soul eater (Elf:1)
  15 deep elf knights (Elf:1)
  A skeletal warrior (D:14)
  A flayed ghost (D:11)
  7 deep elf summoners (Elf:1)
  2 unseen horrors
  Erolcha (D:8)
  9 hill giants
  6 orc knights
  3 cyclopes
  2 ugly things (D:11)
  A deep elf conjurer (Elf:1)
  4 orc sorcerers
  A manticore (D:13)
  A rust devil (D:5)
  Maurice (D:8)
  Joseph (Orc:2)
  An orange demon (D:13)
  Psyche (D:9)
  5 centaur skeletons
  2 kobold demonologists (D:13)
  A jumping spider (Elf:1)
  7 deep elf priests (Elf:1)
  4 trolls
  2 polar bears (D:12)
  Sonja (D:12)
  Grinder (D:4)
  Prince Ribbit (D:4)
  3 slime creatures (D:12)
  6 two-headed ogres
  A trapdoor spider (D:12)
  A redback (Elf:1)
  2 tarantellas (Elf:1)
  4 wraiths
  15 deep elf magi
  A hill giant zombie (D:13)
  The ghost of dadoka the Chopper, an average DDBe of Trog (D:7)
  Eustachio (D:8)
  A mottled dragon (D:13)
  21 deep elf fighters (Elf:1)
  A wyvern (D:13)
  A hippogriff (D:14)
  22 yaks
  2 vampire mosquitoes (D:13)
  A warg (Orc:4)
  Edmund (D:6)
  A hungry ghost (D:8)
  2 water moccasins
  34 orc warriors
  A wasp (D:10)
  4 sky beasts
  2 black bears (D:10)
  3 eyes of draining
  3 ice beasts
  9 ogres
  2 phantoms
  2 necrophages
  21 centaurs
  A crocodile (D:10)
  5 big kobolds
  Blork the orc (D:8)
  5 giant frogs
  2 wyvern skeletons
  A water moccasin zombie (D:8)
  2 scorpions
  14 killer bees
  15 wights
  A goliath beetle (D:8)
  4 crimson imps
  5 electric eels (D:11)
  A giant frog zombie (D:12)
  A centaur zombie (D:6)
  33 orc priests
  6 jellies
  3 giant frog skeletons
  4 iguanas
  6 hounds
  32 orc wizards
  Natasha (thrice) (D:6)
  17 worker ants
  5 hell rats (Elf:1)
  2 sheep (D:11)
  2 mummies
  15 adders
  3 gnolls (D:6)
  4 giant mites
  7 shadow imps
  7 worms
  3 adder skeletons
  2 adder zombies
  5 giant geckos
  An ooze (D:1)
  213 orcs
  7 bats
  2 bat skeletons
  3 giant cockroaches
  11 goblins
  22 hobgoblins
  15 jackals
  18 kobolds
  A ball python (D:2)
  8 giant newts
  A giant spore (D:7)
  3 quokkas
  19 rats
  9 ballistomycetes
  2 crawling corpses (Elf:1)
824 creatures vanquished.

Vanquished Creatures (others)
  Fannar (Orc:2)
  2 lost souls (Elf:1)
  A giant spore (D:8)
4 creatures vanquished.

Grand Total: 828 creatures vanquished

Notes
Turn   | Place    | Note
--------------------------------------------------------------
     0 | D:1      | Liam, the Deep Elf Conjurer, began the quest for the Orb.
     0 | D:1      | Reached XP level 1. HP: 10/10 MP: 5/5
   199 | D:1      | Reached XP level 2. HP: 15/15 MP: 6/8
   347 | D:1      | Reached skill level 5 in Conjurations
   627 | D:1      | Reached XP level 3. HP: 19/19 MP: 8/11
  1322 | D:2      | Reached XP level 4. HP: 24/24 MP: 6/15
  1328 | D:2      | Learned a level 4 spell: Iskenderun's Mystic Blast
  1753 | D:2      | Reached skill level 6 in Conjurations
  1964 | D:2      | Reached XP level 5. HP: 28/28 MP: 14/18
  2260 | D:3      | Reached skill level 5 in Spellcasting
  2667 | D:3      | Noticed a sky beast
  2694 | D:3      | Killed a sky beast
  2694 | D:3      | Reached XP level 6. HP: 32/32 MP: 0/22
  3605 | D:4      | Noticed Grinder
  3615 | D:4      | Killed Grinder
  3615 | D:4      | Reached skill level 7 in Spellcasting
  3615 | D:4      | Reached XP level 7. HP: 36/36 MP: 10/25
  3849 | D:4      | Noticed Prince Ribbit
  3852 | D:4      | Killed Prince Ribbit
  3852 | D:4      | Reached skill level 8 in Spellcasting
  3971 | D:4      | Got a clouded graven amulet
  4132 | D:5      | Entered Level 5 of the Dungeon
  4146 | D:5      | Noticed a rust devil
  4739 | D:5      | Learned a level 5 spell: Iskenderun's Battlesphere
  4790 | D:5      | Killed a rust devil
  4790 | D:5      | Reached skill level 9 in Spellcasting
  4790 | D:5      | Reached XP level 8. HP: 41/41 MP: 3/28
  5445 | D:5      | Identified the amulet of Moupym {Gourm rPois rC+ rN++ MP+9 Dex-5} (You found it on level 4 of the Dungeon)
  5508 | D:5      | Reached skill level 5 in Charms
  5524 | D:5      | Found a white marble altar of Elyvilon.
  5525 | D:5      | Found a glowing golden altar of the Shining One.
  5528 | D:5      | Found a glowing silver altar of Zin.
  5554 | D:5      | Noticed an angel
  5645 | D:5      | Found a staircase to the Ecumenical Temple.
  5794 | Temple   | Entered the Ecumenical Temple
  5992 | Temple   | Became a worshipper of Sif Muna the Loreminder
  6020 | D:6      | Noticed Edmund
  6024 | D:6      | Killed Edmund
  6027 | D:6      | Reached skill level 10 in Spellcasting
  6058 | D:6      | Found a sparkling altar of Nemelex Xobeh.
  6061 | D:6      | Found an opulent altar of Gozag.
  6061 | D:6      | Found a radiant altar of Vehumet.
  6297 | D:6      | Noticed Natasha
  6322 | D:6      | Killed Natasha
  6403 | D:6      | Reached XP level 9. HP: 32/45 MP: 30/30
  6492 | D:6      | Noticed Natasha
  6492 | D:6      | Killed Natasha
  6826 | D:6      | Acquired Sif Muna's first power
  6919 | D:6      | Reached skill level 10 in Conjurations
  7239 | D:6      | Noticed Natasha
  7240 | D:6      | Killed Natasha
  7385 | D:7      | Reached skill level 11 in Spellcasting
  7396 | D:7      | Noticed dadoka's ghost (average DDBe)
  7642 | D:7      | Killed dadoka's ghost
  7642 | D:7      | Acquired Sif Muna's second power
  8294 | D:8      | Reached skill level 12 in Spellcasting
  8324 | D:8      | Noticed Eustachio
  8328 | D:8      | Killed Eustachio
  8410 | D:8      | Noticed Erolcha
  8445 | D:8      | Reached XP level 10. HP: 50/50 MP: 27/33
  8465 | D:8      | Killed Erolcha
  8570 | D:8      | Noticed a hill giant
  8573 | D:8      | Killed a hill giant
  8808 | D:8      | Got an ominously black robe
  8811 | D:8      | Identified the cursed -4 robe of Fortification {-Cast rN+ Stlth+} (You found it on level 8 of the Dungeon)
  8825 | D:8      | Identified a +2 pair of boots of running (You found it on level 5 of the Dungeon)
  9064 | D:8      | Reached skill level 13 in Spellcasting
  9418 | D:8      | Found a burning altar of Makhleb.
  9450 | D:8      | Noticed Maurice
  9490 | D:8      | Killed Maurice
  9594 | D:8      | Noticed Blork the orc
  9597 | D:8      | Killed Blork the orc
  9871 | D:9      | Gained mutation: You evolve. [potion of mutation]
  9871 | D:9      | Gained mutation: Your body is slowly deteriorating. [potion of mutation]
  9871 | D:9      | Gained mutation: Your spells are a little harder to cast, but a little more powerful. [potion of mutation]
  9888 | D:9      | Found a staircase to the Lair.
 10018 | D:9      | Acquired Sif Muna's third power
 10038 | D:9      | Noticed Psyche
 10041 | D:9      | Killed Psyche
 10132 | D:9      | Got a tattered robe
 10133 | D:9      | Identified the +1 robe of Tartarus {rN+ Str-5 Dex+4} (You found it on level 9 of the Dungeon)
 10349 | D:9      | Reached skill level 14 in Spellcasting
 10566 | D:10     | Entered Level 10 of the Dungeon
 10717 | D:10     | Noticed Harold
 10722 | D:10     | Killed Harold
 10722 | D:10     | Reached XP level 11. HP: 54/54 MP: 23/35
 11100 | D:10     | Gained mutation: You can spit poison. [evolution]
 11100 | D:10     | Lost mutation: You evolve. [end of evolution]
 11147 | D:10     | Killed an unseen horror
 11744 | D:11     | Reached skill level 15 in Spellcasting
 12230 | D:11     | Reached skill level 1 in Invocations
 12454 | D:11     | Found a staircase to the Orcish Mines.
 12693 | D:11     | Received a gift from Sif Muna
 12711 | D:11     | Learned a level 3 spell: Regeneration
 12845 | D:11     | Noticed a three-headed hydra
 12850 | D:11     | Killed a three-headed hydra
 12950 | D:11     | Found a runed door.
 12958 | D:11     | Noticed a flayed ghost
 12961 | D:11     | Killed a flayed ghost
 13071 | D:11     | Reached skill level 16 in Spellcasting
 13181 | D:11     | Noticed a stone giant
 13181 | D:11     | Noticed a fire dragon
 13405 | D:12     | Reached XP level 12. HP: 59/59 MP: 26/37
 13561 | D:12     | Noticed Sonja
 13564 | D:12     | Killed Sonja
 13608 | D:12     | Found a bloodstained altar of Trog.
 13614 | D:12     | Reached skill level 5 in Invocations
 13916 | D:12     | Noticed a hill giant
 13924 | D:12     | Killed a hill giant
 14031 | D:12     | Found a portal to a secret trove of treasure.
 14080 | D:12     | Noticed a hill giant
 14083 | D:12     | Killed a hill giant
 14289 | D:12     | Noticed a hill giant
 14294 | D:12     | Killed a hill giant
 14754 | D:13     | Noticed a centaur warrior
 14757 | D:13     | Killed a centaur warrior
 14757 | D:13     | Reached skill level 15 in Conjurations
 14758 | D:13     | Received a gift from Sif Muna
 14803 | D:13     | Identified Sif Muna's Handbook of Torrid Battle Magic (Sif Muna gifted it to you on level 13 of the Dungeon)
 14813 | D:13     | Learned a level 7 spell: Orb of Destruction
 14821 | D:13     | Learned a level 7 spell: Delayed Fireball
 14954 | D:13     | Reached skill level 17 in Spellcasting
 15333 | D:13     | Reached skill level 1 in Necromancy
 15514 | D:13     | Noticed a catoblepas
 15519 | D:13     | Killed a catoblepas
 15519 | D:13     | Reached skill level 1 in Fire Magic
 16261 | D:14     | Noticed a centaur warrior
 16273 | D:14     | Killed a centaur warrior
 16273 | D:14     | Reached XP level 13. HP: 41/63 MP: 33/39
 16282 | D:14     | Noticed a six-headed hydra
 16285 | D:14     | Killed a six-headed hydra
 16285 | D:14     | Reached skill level 1 in Shields
 16604 | D:14     | Noticed a centaur warrior
 16607 | D:14     | Killed a centaur warrior
 16641 | D:14     | Noticed an ogre mage
 16644 | D:14     | Killed an ogre mage
 17016 | D:14     | Found a gate to the Vaults.
 17311 | D:14     | Found Tuisoula's Weapon Emporium.
 17321 | D:14     | Bought the +6 dagger of Death {pierce, MR+ Int+5 SInv} for 1025 gold pieces
 17578 | D:11     | Killed a stone giant
 17578 | D:11     | Received a gift from Sif Muna
 17586 | D:11     | Identified Sif Muna's Compendium of Attacks (Sif Muna gifted it to you on level 11 of the Dungeon)
 17738 | Orc:1    | Entered Level 1 of the Orcish Mines
 17738 | Orc:1    | Found a burning altar of Makhleb.
 18230 | Orc:1    | Found a roughly hewn altar of Beogh.
 18282 | Orc:1    | Found a roughly hewn altar of Beogh.
 18373 | Orc:2    | Reached skill level 5 in Necromancy
 18406 | Orc:2    | Noticed Liam's ghost (powerful DECj)
 18411 | Orc:2    | Killed Liam's ghost
 18629 | Orc:2    | Noticed Joseph
 18639 | Orc:2    | Killed Joseph
 18790 | Orc:2    | Found a flagged portal.
 18802 | Bailey   | Entered a bailey
 19278 | Bailey   | Got a translucent shield
 19280 | Bailey   | Identified the cursed -5 shield of Fortification {+Inv Str+4} (You found it in a bailey)
 19542 | Orc:3    | Noticed Fannar
 19551 | Orc:2    | Killed Fannar
 20503 | Orc:2    | Reached skill level 18 in Spellcasting
 20582 | Orc:4    | Entered Level 4 of the Orcish Mines
 20828 | Orc:4    | Found a radiant altar of Vehumet.
 21411 | Orc:4    | Reached skill level 5 in Fire Magic
 21413 | Orc:4    | Noticed an orc warlord
 21707 | Orc:3    | Upgraded the game from 0.17-a0-1-g1f4be75 to 0.17-a0-124-gc3c9679
 21857 | Orc:4    | Found a roughly hewn altar of Beogh.
 22254 | Orc:4    | Reached XP level 14. HP: 47/68 MP: 17/40
 22636 | Orc:4    | Found a roughly hewn altar of Beogh.
 22649 | Orc:4    | Killed an orc warlord
 22742 | Orc:4    | Found Ozaipaxe's Jewellery Boutique.
 22758 | Orc:4    | Found Smomeosch's Antique Armour Boutique.
 22767 | Orc:4    | Bought an embroidered robe for 28 gold pieces
 22769 | Orc:4    | Bought a runed robe for 28 gold pieces
 22815 | Orc:4    | Found Shrealuo's General Store.
 22866 | Orc:4    | Found Gehut's Antique Weapon Boutique.
 22907 | Orc:4    | Found a staircase to the Elven Halls.
 23094 | Elf:1    | Entered Level 1 of the Elven Halls
 23501 | Elf:1    | Reached skill level 1 in Fighting
 23962 | Elf:1    | Received a gift from Sif Muna
 23967 | Elf:1    | Reached skill level 10 in Invocations
 24583 | Elf:1    | Noticed Asterion
 24588 | Elf:1    | Killed Asterion
 25043 | Elf:1    | Reached skill level 5 in Shields
 25395 | Elf:1    | Noticed Nessos
 25404 | Elf:1    | Killed Nessos
 25418 | Elf:1    | Reached XP level 15. HP: 64/78 MP: 10/41
 25591 | Elf:1    | Noticed a Shadow Fiend
 25691 | Elf:1    | Noticed Nikola
 25695 | Elf:1    | Killed from afar by Nikola

Action                   |  1- 3 |  4- 6 |  7- 9 | 10-12 | 13-15 || total
-------------------------+-------+-------+-------+-------+-------++-------
Melee: Unarmed           |       |     1 |     1 |     1 |       ||     3
 Cast: Magic Dart        |    92 |   154 |   247 |   173 |   277 ||   943
       Iskenderun's Myst |       |     9 |    96 |   236 |   229 ||   570
       Iskenderun's Batt |       |       |    15 |    86 |   138 ||   239
       Orb of Destructio |       |       |       |     1 |    18 ||    19
       Regeneration      |       |       |       |       |     2 ||     2
Invok: Channel Energy    |       |       |       |     3 |    11 ||    14
Evoke: Wand              |       |       |       |     1 |       ||     1
  Use: Potion            |     1 |     3 |       |    11 |     4 ||    19
       Scroll            |       |       |     3 |    19 |     1 ||    23
  Eat: Chunk             |     1 |     6 |    20 |    26 |    35 ||    88
       Beef jerky        |       |     1 |       |       |       ||     1
       Fruit             |       |       |       |     1 |       ||     1
